Workbook
Name \0: #REF!
Name \00: #REF!
Name \a: #REF!
Name \AA: [1]LIQUIDACION!#REF!
Name \b: [2]STRSUMM0!#REF!
Name \bb: [2]STRSUMM0!#REF!
Name \E: #REF!
Name \EE: #REF!
Name \G: #REF!
Name \k: '[3]7422CW00'!#REF!
Name \l: [4]STRSUMM0!#REF!
Name \M: #REF!
Name \ñ: '[5]7422CW00'!#REF!
Name \P: #REF!
Name \R: #REF!
Name \s: #REF!
Name \V: #REF!
Name \X: #N/A
Name \X: #N/A
Name \X: #N/A
Name \X: #N/A
Name \X: #N/A
Name \X: #N/A
Name \X: #N/A
Name \X: #N/A
Name \X: #N/A
Name \X: #N/A
Name \X: #N/A
Name \X: [0]!ERR
Name \Z: #N/A
Name \Z: #N/A
Name \Z: #N/A
Name \Z: #N/A
Name \Z: #N/A
Name \Z: #N/A
Name \Z: #N/A
Name \Z: #N/A
Name \Z: #N/A
Name \Z: #N/A
Name \Z: #N/A
Name \Z: [0]!ERR
Name _________AFC1: [6]INV!$A$25:$D$28
Name _________AFC3: [6]INV!$F$25:$I$28
Name _________AFC5: [6]INV!$K$25:$N$28
Name _________BGC1: [6]INV!$A$5:$D$8
Name _________BGC3: [6]INV!$F$5:$I$8
Name _________BGC5: [6]INV!$K$5:$N$8
Name _________CAC1: [6]INV!$A$19:$D$22
Name _________CAC3: [6]INV!$F$19:$I$22
Name _________CAC5: [6]INV!$K$19:$N$22
Name _________PJ50: #REF!
Name _________SBC1: [6]INV!$A$12:$D$15
Name _________SBC3: [6]INV!$F$12:$I$15
Name _________SBC5: [6]INV!$K$12:$N$15
Name ________AFC1: [6]INV!$A$25:$D$28
Name ________AFC3: [6]INV!$F$25:$I$28
Name ________AFC5: [6]INV!$K$25:$N$28
Name ________BGC1: [6]INV!$A$5:$D$8
Name ________BGC3: [6]INV!$F$5:$I$8
Name ________BGC5: [6]INV!$K$5:$N$8

Sheet PRESUPUESTO OFICIAL (Entidad)
C3: Formulario 1 - Propuesta económica - Documento tipo de selección abreviada de menor cuantía - versión 2
C4: Código | D4: CCE-EICP-FM-25 | E4: Versión | F4: 2
C6: FORMULARIO 1
C7: PRESUPUESTO OFICIAL
C8: PROCESO DE INVITACIÓN PÚBLICA N° IP-DT-SUC-001-2024
C10: OBJETO: HABILITAR Y/O BRINDAR TRANSITABILIDAD EN LA RED VIAL A CARGO DEL INVIAS, A TRAVÉS DEL SISTEMA DE MONTO AGOTABLE, EN VÍAS A CARGO DE LA DT SUCRE
C12: Nº | D12: ITEM DE PAGO | E12: ESPECIFICACIONES | G12: DESCRIPCION | H12: UND. | I12: CANTIDAD | J12: VALOR UNITARIO | K12: VALOR TOTAL
E13: GENERAL | F13: PARTICULAR
C15: SECTOR VÍA 90SC02 COVEÑAS - SABANETA
C16: 1 | D16: 201.7 | E16: 201-22 | G16: Demolición de estructuras | H16: M3 | I16: 5 | J16: =+'[141]201.7 '!L73 -> 172704 | K16: =+J16*I16 -> 863520
C17: =C16+1 -> 2 | D17: 600.1.1 | E17: 600-22 | G17: Excavaciones varias sin clasificar | H17: M3 | I17: 10 | J17: =+'[141]600.1.1'!L70 -> 42866 | K17: =+J17*I17 -> 428660
C18: =C17+1 -> 3 | D18: 610.2 | E18: 610-22 | G18: Relleno para estructuras con recebo | H18: M3 | I18: 15 | J18: =+'[141]610.2'!N87 -> 146494 | K18: =+J18*I18 -> 2197410
C19: =C18+1 -> 4 | D19: 630.1 | E19: 630-22 | G19: Concreto Reforzado 21 Mpa (para muros, aletas, etc.) | H19: M3 | I19: 30 | J19: =+'[141]630.1 '!L75 -> 591099 | K19: =+J19*I19 -> 17732970
C20: =C19+1 -> 5 | D20: 630.2 | E20: 630-22 | G20: Concreto Simple 14 Mpa | H20: M3 | I20: 8 | J20: =+'[141]630.2'!L73 -> 422047 | K20: =+J20*I20 -> 3376376
C21: =C20+1 -> 6 | D21: 630.3 | E21: =E20 -> 630-22 | G21: Concreto Ciclópeo 14 MPa | H21: M3 | I21: 5 | J21: =+'630.3'!L75 -> 306477 | K21: =+J21*I21 -> 1532385
C22: =C21+1 -> 7 | D22: 640.1 | E22: 640-22 | G22: Acero de refuerzo Fy= 420 MPa | H22: Kg | I22: 1000 | J22: =+'[141]640.1'!N87 -> 9385 | K22: =+J22*I22 -> 9385000
C23: 8 | D23: 671.3 | E23: 671-22 | G23: Cuneta de concreto vaciada in situ; incluye la conformación de la superficie de apoyo | H23: M3 | I23: 15 | J23: =+'[141]671.3'!N87 -> 892158 | K23: =+J23*I23 -> 13382370
C24: 9 | D24: 681.1 | E24: 681-22 | G24: Gaviones de malla de alambre de acero entrelazado, Clase 1 | H24: M3 | I24: 20 | J24: =+'[141]681.1 '!L72 -> 357134 | K24: =+J24*I24 -> 7142680
C25: =C24+1 -> 10 | D25: 683.1P | F25: 683P | G25: Empedrado para Protección de Taludes | H25: M2 | I25: 5 | J25: =+'[141]683.P'!L72 -> 115898 | K25: =+J25*I25 -> 579490
C26: Subtotal | K26: =+SUM(K16:K25) -> 56620861
G29: PROVISION PARA OBRAS COMPLEMENTARIAS, ITEMS NO PREVISTOS, MODIFICATORIAS Y ADICIONALES (INCLUYE PAGA) - NO MODIFICAR | K29: 955000
G30: VALOR BÁSICO DEL CONTRATO, INCLUYE OBRAS COMPLEMENTARIAS, ITEMS NO PREVISTOS, ADICIONALES Y PAGA | K30: =+K29+K26 -> 57575861
G31: VALOR IVA (OBRA) (19% SOBRE UTILIDAD OBRA) | K31: =ROUND(((K30/(1+K39))*K38*0.19),0) -> 420747
G32: VALOR TOTAL INCLUYE IVA) | K32: =+K31+K30 -> 57996608 | N32: 57996608
C35: NOTA 1: Se debe tener en cuenta que el PRECIO UNITARIO incluye el valor de A.I.U. | H35: DESCRIPCION | K35: PORCENTAJE
C36: NOTA 2: Cuando la fracción decimal del peso sea igual o superior a 5 se aproximara por exceso al número entero siguiente del peso y cuando la fracción decimal del peso sea inferior a 5 se aproximará por defecto al número entero del peso. | H36: ADMINISTRACION | J36: A= | K36: 0.2
C37: NOTA 3: El A.I.U y su discriminación deben estar en porcentaje (%). | H37: IMPREVISTO | J37: I= | K37: 0.05
H38: UTILIDAD | J38: U= | K38: 0.05
H39: TOTAL A.I.U | J39: A.I.U.= | K39: =+K38+K36+K37 -> 0.3

Sheet PROPUESTA ECONÓMICA (Proponent)
C3: Formulario 1 - Propuesta económica - Documento tipo de selección abreviada de menor cuantía - versión 2
C4: Código | D4: CCE-EICP-FM-25 | E4: Versión | F4: 2
C6: FORMULARIO 1
C7: PROPUESTA ECONÓMICA
C8: PROCESO DE INVITACIÓN PÚBLICA N° IP-DT-SUC-001-2024
C10: OBJETO: HABILITAR Y/O BRINDAR TRANSITABILIDAD EN LA RED VIAL A CARGO DEL INVIAS, A TRAVÉS DEL SISTEMA DE MONTO AGOTABLE, EN VÍAS A CARGO DE LA DIRECCIÓN TERRITORIAL SUCRE
C12: Nº | D12: ITEM DE PAGO | E12: ESPECIFICACIONES | G12: DESCRIPCION | H12: UND. | I12: CANTIDAD | J12: VALOR UNITARIO | K12: VALOR TOTAL
E13: GENERAL | F13: PARTICULAR
C15: SECTOR VÍA 90SC02 COVEÑAS - SABANETA
C16: 1
C17: =C16+1 -> 2
C18: =C17+1 -> 3
C19: =C18+1 -> 4
C20: =C19+1 -> 5
C21: =C20+1 -> 6
C22: =C21+1 -> 7
C23: =C22+1 -> 8
C24: =C23+1 -> 9
C25: Subtotal
G28: PROVISION PARA OBRAS COMPLEMENTARIAS, ITEMS NO PREVISTOS, MODIFICATORIAS Y ADICIONALES (INCLUYE PAGA) - NO MODIFICAR
G29: VALOR BÁSICO DEL CONTRATO, INCLUYE OBRAS COMPLEMENTARIAS, ITEMS NO PREVISTOS, ADICIONALES Y PAGA
G30: VALOR IVA (OBRA) (19% SOBRE UTILIDAD OBRA)
G31: VALOR TOTAL INCLUYE IVA)
C34: NOTA 1: Se debe tener en cuenta que el PRECIO UNITARIO incluye el valor de A.I.U. | H34: DESCRIPCION | K34: PORCENTAJE
C35: NOTA 2: Cuando la fracción decimal del peso sea igual o superior a 5 se aproximara por exceso al número entero siguiente del peso y cuando la fracción decimal del peso sea inferior a 5 se aproximará por defecto al número entero del peso. | H35: ADMINISTRACION | J35: A= | K35: 0.2
C36: NOTA 3: El A.I.U y su discriminación deben estar en porcentaje (%). | H36: IMPREVISTO | J36: I= | K36: 0.05
H37: UTILIDAD | J37: U= | K37: 0.05
H38: TOTAL A.I.U | J38: A.I.U.= | K38: =+K37+K35+K36 -> 0.3
G41: FIRMA DEL PROPONENTE O REPRESENTANTE LEGAL

Sheet apu
I1: CÓDIGO | J1: MEPI-MN1-IN-10-FR-1
B2: INSTITUTO NACIONAL DE VIAS
B3: PROCESO MISIONAL EJECUCIÓN DE PROYECTOS DE INFRAESTRUCTURA DE TRANSPORTE | I3: VERSIÓN | J3: 1
B4: MANUAL DE INTERVENTORÍA OBRA PÚBLICA
B5: ANÁLISIS DE PRECIOS UNITARIOS | I5: PÁGINA | K5: DE
I8: FECHA
J9: (Día) | K9: (Mes) | L9: (Año)
A10: ITEMS DE LA PROPUESTA ECONÓMICA | G10: ITEMS NO PREVISTOS
A11: UNIDAD EJECUTORA: | H11: DIRECCIÓN TERRITORIAL:
A14: CONTRATO No. | C14: DE
A15: OBJETO DEL CONTRATO:
A18: CARRETERA: | H18: SECTOR:
A20: CONTRATISTA:
A22: INTERVENTOR: | I22: CTO No.: | K22: DE
A24: FECHA CIERRE PROCESO DE SELECCIÓN CONTRATO DE OBRA:
E25: (Día) | G25: (Mes) | H25: (Año)
A27: DATOS ESPECÍFICOS
A29: ITEM | B29: DESCRIPCIÓN | I29: GRUPO DE AJUSTE | J29: UNIDAD | L29: CANTIDAD
A32: I. EQUIPO
A34: DESCRIPCIÓN | G34: TIPO | I34: TARIFA/HORA | J34: RENDIMIENTO | L34: Vr. UNITARIO
A40: SUBTOTAL $
A42: II. MATERIALES
A44: DESCRIPCIÓN | H44: UNIDAD | I44: CANTIDAD | J44: PRECIO UNIT. | L44: Vr. UNITARIO
A47: SUBTOTAL $
A49: III. TRANSPORTES
A51: MATERIAL | F51: UNIDAD | G51: CANTIDAD (1) | H51: DISTANCIA (2) | I51: CANTIDAD * DISTANCIA (1) * (2) | J51: TARIFA | L51: Vr. UNITARIO
A54: SUBTOTAL $
A56: IV. MANO DE OBRA
A58: DESCRIPCIÓN | G58: JORNAL | H58: PRESTACIONES | I58: JORNAL TOTAL | J58: RENDIMIENTO | L58: Vr. UNITARIO
A61: SUBTOTAL $
A63: TOTAL COSTO DIRECTO $
A65: V. COSTOS INDIRECTOS
A67: DESCRIPCIÓN | I67: Porcentaje | J67: Valor Total
A71: SUBTOTAL $
A73: Precio Unitario Total Aproximado al peso $
D78: Firma
D79: Nombre:
D80: Representante Legal del Contratista o su Apoderado
D81: Matricula No. :
A83: OBSERVACIONES INTERVENTORÍA:
A89: APROBACIÓN POR INTERVENTORÍA
A90: Nota 1: Cuando se trate de Análisis de precios unitarios correspondientes a ítems de la propuesta económica aprobada, el Interventor aprueba el desglose de los componentes manteniendo el mismo precio unitario de cada ítem, cumpliendo con las especificaciones de construcción vigentes para el proyecto.
A92: Nota 2: Cuando se trate de análisis de precios unitarios de ítems no previstos, el Interventor aprueba el desglose y precio unitario de cada ítem no previsto, exigiendo la aplicación correspondiente a rendimientos, tarifas, precio de materiales, jornales, costos, etc contemplados en los análisis de precios unitarios aprobados por la interventoría que soportan la propuesta económica y los aprobados durante la ejecución del contrato, cumpliendo con las especificaciones de construcción vigentes para el proyecto. El Contratista y el Interventor certifican que los precios unitarios del ítem o de los ítems no previstos corresponden a los precios del mercado.
D98: Firma
D99: Nombre:
D100: Representante Legal del Interventor o su Apoderado
D101: Matricula No. :
A103: Original: Archivo de Gestión del Contrato (Subdirección Administrativa).
A104: Copias: Unidad Ejecutora, Contratista, Interventor y Dirección Territorial.

Sheet 201.7 
I1: CÓDIGO | J1: MEPI-MN1-IN-10-FR-1
B2: INSTITUTO NACIONAL DE VIAS
B3: PROCESO MISIONAL EJECUCIÓN DE PROYECTOS DE INFRAESTRUCTURA DE TRANSPORTE | I3: VERSIÓN | J3: 1
B4: MANUAL DE INTERVENTORÍA OBRA PÚBLICA
B5: ANÁLISIS DE PRECIOS UNITARIOS | I5: PÁGINA | K5: DE
I8: FECHA | K8: 6 | L8: 2024
J9: (Día) | K9: (Mes) | L9: (Año)
A10: ITEMS DE LA PROPUESTA ECONÓMICA | G10: ITEMS NO PREVISTOS
A11: UNIDAD EJECUTORA: | H11: DIRECCIÓN TERRITORIAL:
A14: CONTRATO No. | C14: DE
A15: OBJETO DEL CONTRATO:
A18: CARRETERA: | H18: SECTOR:
A20: CONTRATISTA:
A22: INTERVENTOR: | I22: CTO No.: | K22: DE
A24: FECHA CIERRE PROCESO DE SELECCIÓN CONTRATO DE OBRA:
E25: (Día) | G25: (Mes) | H25: (Año)
A27: DATOS ESPECÍFICOS
A29: ITEM | B29: DESCRIPCIÓN | I29: GRUPO DE AJUSTE | J29: UNIDAD | L29: CANTIDAD
A30: ='[142]PTO. GENERAL'!B14 -> 201.7 | B30: DEMOLICION DE ESTRUCTURAS | J30: ='[142]PTO. GENERAL'!F14 -> M3 | L30: 5
A32: I. EQUIPO
A34: DESCRIPCIÓN | G34: TIPO | I34: TARIFA/HORA | J34: RENDIMIENTO | L34: Vr. UNITARIO
A35: COMPRESOR 120 HP, CON MARTILLO | I35: 110000 | J35: 2.5 | L35: =I35/J35 -> 44000
A36: EQUIPO DE OXICORTE | I36: 24000 | J36: =J35 -> 2.5 | L36: =I36/J36 -> 9600
A37: RETROCARGADOR | I37: 155000 | J37: 5 | L37: =I37/J37 -> 31000
A39: HERRAMIENTA MENOR (5%MO) | L39: =L61*0.05 -> 801.66667
A40: SUBTOTAL $ | L40: =SUM(L35:L39) -> 85401.667
A42: II. MATERIALES
A44: DESCRIPCIÓN | H44: UNIDAD | I44: CANTIDAD | J44: PRECIO UNIT. | L44: Vr. UNITARIO
A45: Derechos de disposición y/o Conformación de materiales sobrantes (Incluye todos los costos inherentes a la conformación y disposición de sobrantes, así como las posibles obras a ejecutar en los sitios de disposición de sobrantes, en caso de requerirse) | H45: m3 | I45: 1.4 | J45: 3000 | L45: =I45*J45 -> 4200
A47: SUBTOTAL $ | L47: =SUM(L45:L46) -> 4200
A49: III. TRANSPORTES
A51: MATERIAL | F51: UNIDAD | G51: CANTIDAD (1) | H51: DISTANCIA (2) | I51: CANTIDAD * DISTANCIA (1) * (2) | J51: TARIFA | L51: Vr. UNITARIO
A52: MATERIAL DE DEMOLICION | F52: M3 | G52: 1.3 | H52: 10 | I52: =G52*H52 -> 13 | J52: =+[143]TRANSPORTE!$F$23 -> 946.60721 | L52: =I52*J52 -> 12305.894
A54: SUBTOTAL $ | L54: =SUM(L52:L53) -> 12305.894
A56: IV. MANO DE OBRA
A58: DESCRIPCIÓN | G58: JORNAL | H58: PRESTACIONES | I58: JORNAL TOTAL | J58: RENDIMIENTO | L58: Vr. UNITARIO
A59: OBREROS (2) | G59: =1300000/30*2 -> 86666.667 | H59: 1.85 | I59: =G59*H59 -> 160333.33 | J59: =J35*8 -> 20 | L59: =I59/J59 -> 8016.6667
A60: OFICIAL | G60: =1300000/30*2 -> 86666.667 | H60: 1.85 | I60: =G60*H60 -> 160333.33 | J60: =J59 -> 20 | L60: =I60/J60 -> 8016.6667
A61: SUBTOTAL $ | L61: =SUM(L59:L60) -> 16033.333
A63: TOTAL COSTO DIRECTO $ | L63: =L40+L47+L54+L61 -> 117940.89
A65: V. COSTOS INDIRECTOS
A67: DESCRIPCIÓN | I67: Porcentaje | J67: Valor Total
A68: ADMINISTRACIÓN | I68: ='[142]PTO. GENERAL'!I30 -> 0.2 | J68: =L63*I68 -> 23588.179
A69: IMPREVISTOS | I69: ='[142]PTO. GENERAL'!I31 -> 0.05 | J69: =L63*I69 -> 5897.0447
A70: UTILIDAD | I70: ='[142]PTO. GENERAL'!I32 -> 0.05 | J70: =L63*I70 -> 5897.0447
A71: SUBTOTAL $ | L71: =SUM(J68:K70) -> 35382.268
A73: Precio Unitario Total Aproximado al peso $ | L73: =ROUND(L63+L71,0) -> 153323
D78: Firma
D79: Nombre:
D80: Representante Legal del Contratista o su Apoderado
D81: Matricula No. :
A83: OBSERVACIONES INTERVENTORÍA:
A89: APROBACIÓN POR INTERVENTORÍA
A90: Nota 1: Cuando se trate de Análisis de precios unitarios correspondientes a ítems de la propuesta económica aprobada, el Interventor aprueba el desglose de los componentes manteniendo el mismo precio unitario de cada ítem, cumpliendo con las especificaciones de construcción vigentes para el proyecto.
A92: Nota 2: Cuando se trate de análisis de precios unitarios de ítems no previstos, el Interventor aprueba el desglose y precio unitario de cada ítem no previsto, exigiendo la aplicación correspondiente a rendimientos, tarifas, precio de materiales, jornales, costos, etc contemplados en los análisis de precios unitarios aprobados por la interventoría que soportan la propuesta económica y los aprobados durante la ejecución del contrato, cumpliendo con las especificaciones de construcción vigentes para el proyecto. El Contratista y el Interventor certifican que los precios unitarios del ítem o de los ítems no previstos corresponden a los precios del mercado.
D98: Firma
D99: Nombre:
D100: Representante Legal del Interventor o su Apoderado
D101: Matricula No. :
A103: Original: Archivo de Gestión del Contrato (Subdirección Administrativa).
A104: Copias: Unidad Ejecutora, Contratista, Interventor y Dirección Territorial.

Sheet 600.1.1
I1: CÓDIGO | J1: MEPI-MN1-IN-10-FR-1
B2: INSTITUTO NACIONAL DE VIAS
B3: PROCESO MISIONAL EJECUCIÓN DE PROYECTOS DE INFRAESTRUCTURA DE TRANSPORTE | I3: VERSIÓN | J3: 1
B4: MANUAL DE INTERVENTORÍA OBRA PÚBLICA
B5: ANÁLISIS DE PRECIOS UNITARIOS | I5: PÁGINA | K5: DE
I8: FECHA | K8: 6 | L8: 2024
J9: (Día) | K9: (Mes) | L9: (Año)
A10: ITEMS DE LA PROPUESTA ECONÓMICA | G10: ITEMS NO PREVISTOS
A11: UNIDAD EJECUTORA: | H11: DIRECCIÓN TERRITORIAL:
A14: CONTRATO No. | C14: DE
A15: OBJETO DEL CONTRATO:
A18: CARRETERA: | H18: SECTOR:
A20: CONTRATISTA:
A22: INTERVENTOR: | I22: CTO No.: | K22: DE
A24: FECHA CIERRE PROCESO DE SELECCIÓN CONTRATO DE OBRA:
E25: (Día) | G25: (Mes) | H25: (Año)
A27: DATOS ESPECÍFICOS
A29: ITEM | B29: DESCRIPCIÓN | I29: GRUPO DE AJUSTE | J29: UNIDAD | L29: CANTIDAD
A30: ='[144]Presupuesto Oficial'!C18 -> 600.1.1 | B30: ='[142]PTO. GENERAL'!E15 -> Excavaciones varias sin clasificar | J30: ='[142]PTO. GENERAL'!F15 -> M3 | L30: 25
A32: I. EQUIPO
A34: DESCRIPCIÓN | G34: TIPO | I34: TARIFA/HORA | J34: RENDIMIENTO | L34: Vr. UNITARIO
A35: RETROCARGADOR (Pajarita) | I35: 155000 | J35: 25 | L35: =I35/J35 -> 6200
A36: HERRAMIENTA MENOR (5%) | L36: =L58*0.05 -> 80.166667
A37: SUBTOTAL $ | L37: =SUM(L35:L36) -> 6280.1667
A39: II. MATERIALES
A41: DESCRIPCIÓN | H41: UNIDAD | I41: CANTIDAD | J41: PRECIO UNIT. | L41: Vr. UNITARIO
A44: SUBTOTAL $ | L44: =SUM(L42:L43) -> 0
A46: III. TRANSPORTES
A48: MATERIAL | F48: UNIDAD | G48: CANTIDAD (1) | H48: DISTANCIA (2) | I48: CANTIDAD * DISTANCIA (1) * (2) | J48: TARIFA | L48: Vr. UNITARIO
A49: TRANSPORTE INCLUYENDO EL BOTADERO Y CONFORMACION DEL MATERIAL | F49: M3 | G49: 1.3 | H49: 10 | I49: =G49*H49 -> 13 | J49: 1300 | L49: =I49*J49 -> 16900
A51: SUBTOTAL $ | L51: =SUM(L49:L50) -> 16900
A53: IV. MANO DE OBRA
A55: DESCRIPCIÓN | G55: JORNAL | H55: PRESTACIONES | I55: JORNAL TOTAL | J55: RENDIMIENTO | L55: Vr. UNITARIO
A56: OBREROS (2) | G56: =1300000/30*2 -> 86666.667 | H56: 1.85 | I56: =G56*H56 -> 160333.33 | J56: =J35*8 -> 200 | L56: =I56/J56 -> 801.66667
A57: OFICIAL | G57: =1300000/30*2 -> 86666.667 | H57: 1.85 | I57: =G57*H57 -> 160333.33 | J57: =J56 -> 200 | L57: =I57/J57 -> 801.66667
A58: SUBTOTAL $ | L58: =SUM(L56:L57) -> 1603.3333
A60: TOTAL COSTO DIRECTO $ | L60: =L37+L44+L51+L58 -> 24783.5
A62: V. COSTOS INDIRECTOS
A64: DESCRIPCIÓN | I64: Porcentaje | J64: Valor Total
A65: ADMINISTRACIÓN | I65: ='[142]PTO. GENERAL'!I30 -> 0.2 | J65: =L60*I65 -> 4956.7
A66: IMPREVISTOS | I66: ='[142]PTO. GENERAL'!I31 -> 0.05 | J66: =L60*I66 -> 1239.175
A67: UTILIDAD | I67: ='[142]PTO. GENERAL'!I32 -> 0.05 | J67: =L60*I67 -> 1239.175
A68: SUBTOTAL $ | L68: =SUM(J65:K67) -> 7435.05
A70: Precio Unitario Total Aproximado al peso $ | L70: =ROUND(L60+L68,0) -> 32219
D75: Firma
D76: Nombre:
D77: Representante Legal del Contratista o su Apoderado
D78: Matricula No. :
A80: OBSERVACIONES INTERVENTORÍA:
A86: APROBACIÓN POR INTERVENTORÍA
A87: Nota 1: Cuando se trate de Análisis de precios unitarios correspondientes a ítems de la propuesta económica aprobada, el Interventor aprueba el desglose de los componentes manteniendo el mismo precio unitario de cada ítem, cumpliendo con las especificaciones de construcción vigentes para el proyecto.
A89: Nota 2: Cuando se trate de análisis de precios unitarios de ítems no previstos, el Interventor aprueba el desglose y precio unitario de cada ítem no previsto, exigiendo la aplicación correspondiente a rendimientos, tarifas, precio de materiales, jornales, costos, etc contemplados en los análisis de precios unitarios aprobados por la interventoría que soportan la propuesta económica y los aprobados durante la ejecución del contrato, cumpliendo con las especificaciones de construcción vigentes para el proyecto. El Contratista y el Interventor certifican que los precios unitarios del ítem o de los ítems no previstos corresponden a los precios del mercado.
D95: Firma
D96: Nombre:
D97: Representante Legal del Interventor o su Apoderado
D98: Matricula No. :
A100: Original: Archivo de Gestión del Contrato (Subdirección Administrativa).
A101: Copias: Unidad Ejecutora, Contratista, Interventor y Dirección Territorial.

Sheet 610.2
K1: CÓDIGO | L1: MINFRA-MN-IN-10-FR-1
C2: INSTITUTO NACIONAL DE VIAS
C3: PROCESO GESTIÓN DE LA INFRAESTRUCTURA VIAL | K3: VERSIÓN | L3: 1
C4: MANUAL DE INTERVENTORÍA OBRA PÚBLICA
C5: ANÁLISIS DE PRECIOS UNITARIOS | K5: PÁGINA | M5: DE
K8: FECHA | M8: 6 | N8: 2024
L9: (Día) | M9: (Mes) | N9: (Año)
B10: ITEMS DE LA PROPUESTA ECONÓMICA | F10: □ | I10: ITEMS NO PREVISTOS | K10: □
B11: UNIDAD EJECUTORA: | J11: DIRECCIÓN TERRITORIAL:
B14: CONTRATO No. | D14: DE
B15: OBJETO DEL CONTRATO:
B18: CARRETERA: | J18: SECTOR:
B20: CONTRATISTA:
B22: INTERVENTOR: | K22: CTO No.: | M22: DE
B24: FECHA CIERRE PROCESO DE SELECCIÓN CONTRATO DE OBRA:
F25: (Día) | I25: (Mes) | J25: (Año)
B27: DATOS ESPECÍFICOS
B29: ITEM | C29: DESCRIPCIÓN | K29: GRUPO DE AJUSTE | L29: UNIDAD | N29: CANTIDAD
B30: 610.2 | C30: RELLENOS PARA ESTRUCTURAS CON RECEBO | L30: m³ | N30: 15
B32: I. EQUIPO
B34: DESCRIPCIÓN | I34: TIPO | K34: TARIFA/HORA | L34: RENDIMIENTO | N34: Vr. UNITARIO
B35: Compactador manual (SALTARIN) Peso de operación (Kg.) 52, Fuerza de impacto por golpe (KN) 12. | K35: 15000 | M35: 3 | N35: =K35/M35 -> 5000 | Q35: =12300*8 -> 98400
Q36: =1200*8 -> 9600
Q37: =90000/8 -> 11250
B41: Herramienta menor | N41: 100
B42: SUBTOTAL $ | N42: =SUM(N35:N41) -> 5100
B44: II. MATERIALES
B46: DESCRIPCIÓN | J46: UNIDAD | K46: CANTIDAD | L46: PRECIO UNIT. | N46: Vr. UNITARIO
B47: Material de Recebo Para Relleno | J47: m3 | K47: 1.3 | M47: 25000 | N47: =M47*K47 -> 32500
B48: Agua | J48: lt | K48: 30 | M48: 110 | N48: =M48*K48 -> 3300
B53: SUBTOTAL $ | N53: =SUM(N47:N52) -> 35800
B55: III. TRANSPORTES
B57: MATERIAL | H57: UNIDAD | I57: CANTIDAD (1) | J57: DISTANCIA (2) | K57: (1) * (2) | L57: TARIFA | N57: Vr. UNITARIO
B58: Transporte de material seleccionado para relleno | H58: m3km | I58: 1.3 | J58: 10 | K58: =I58*J58 -> 13 | L58: 1300 | N58: =K58*L58 -> 16900
B64: SUBTOTAL $ | N64: =N58+N59+N60+N61+N62 -> 16900
B66: IV. MANO DE OBRA
B68: TRABAJADOR | I68: JORNAL | J68: PRESTACIONES (%) | K68: JORNAL TOTAL | L68: RENDIMIENTO | N68: Vr. UNITARIO
B69: Obrero (3) | I69: =1300000/30*3 -> 130000 | J69: 1.85 | K69: =I69*J69 -> 240500 | M69: =M35*8 -> 24 | N69: =K69/M69 -> 10020.833
B70: Oficial | I70: =1300000/30*2 -> 86666.667 | J70: 1.85 | K70: =+I70*J70 -> 160333.33 | M70: 24 | N70: =+K70/M70 -> 6680.5556
B75: SUBTOTAL $ | N75: =N69+N70+N71+N72+N73 -> 16701.389
B77: TOTAL COSTO DIRECTO $ | N77: =N42+N53+N64+N75 -> 74501.389
B79: V. COSTOS INDIRECTOS
B81: Descripción | K81: Porcentaje | L81: Valor Total
B82: ADMINISTRACION | K82: 0.2 | L82: =N77*K82 -> 14900.278
B83: IMPREVISTOS | K83: 0.05 | L83: =N77*K83 -> 3725.0694
B84: UTILIDAD | K84: 0.05 | L84: =N77*K84 -> 3725.0694
B85: SUBTOTAL $ | N85: =SUM(L82:M84) -> 22350.417
B87: Precio Unitario Total Aproximado al Peso $ | N87: =ROUND(N77+N85,0) -> 96852
E92: Firma
E93: Nombre:
E94: Representante Legal del Contratista o su Apoderado
E95: Matricula No. :
B97: OBSERVACIONES INTERVENTORÍA:
B103: APROBACIÓN POR INTERVENTORÍA
B104: Nota 1: Cuando se trate de Análisis de precios unitarios correspondientes a ítems de la propuesta económica aprobada, el Interventor aprueba el desglose de los componentes manteniendo el mismo precio unitario de cada ítem, cumpliendo con las especificaciones de construcción vigentes para el proyecto.
B106: Nota 2: Cuando se trate de Análisis de precios unitarios de ítems no previstos, el Interventor aprueba el desglose y precio unitario de cada ítem no previsto, exigiendo la aplicación de los costos correspondientes a insumos y tarifas de la propuesta económica inicial cuando estén contemplados, cumpliendo con las especificaciones de construcción vigente para el proyecto.
E112: Firma
E113: Nombre:
E114: Representante Legal del Interventor o su Apoderado
E115: Matricula No. :
B117: Original: Archivo de Gestión del Contrato (Subdirección Administrativa).
B118: Copias: Unidad Ejecutora, Contratista, Interventor y Dirección Territorial.

Sheet 630.1 
I1: CÓDIGO | J1: MEPI-MN1-IN-10-FR-1
B2: INSTITUTO NACIONAL DE VIAS
B3: PROCESO MISIONAL EJECUCIÓN DE PROYECTOS DE INFRAESTRUCTURA DE TRANSPORTE | I3: VERSIÓN | J3: 1
B4: MANUAL DE INTERVENTORÍA OBRA PÚBLICA
B5: ANÁLISIS DE PRECIOS UNITARIOS | I5: PÁGINA | K5: DE
I8: FECHA | K8: 6 | L8: 2024
J9: (Día) | K9: (Mes) | L9: (Año)
A10: ITEMS DE LA PROPUESTA ECONÓMICA | G10: ITEMS NO PREVISTOS
A11: UNIDAD EJECUTORA: | H11: DIRECCIÓN TERRITORIAL:
A14: CONTRATO No. | C14: DE
A15: OBJETO DEL CONTRATO:
A18: CARRETERA: | H18: SECTOR:
A20: CONTRATISTA:
A22: INTERVENTOR: | I22: CTO No.: | K22: DE
A24: FECHA CIERRE PROCESO DE SELECCIÓN CONTRATO DE OBRA:
E25: (Día) | G25: (Mes) | H25: (Año)
A27: DATOS ESPECÍFICOS
A29: ITEM | B29: DESCRIPCIÓN | I29: GRUPO DE AJUSTE | J29: UNIDAD | L29: CANTIDAD
A30: ='[142]PTO. GENERAL'!B17 -> 630.1 | B30: CONCRETO REFORZADO 21 MPa (para muros, aletas, etc.) | J30: ='[142]PTO. GENERAL'!F17 -> M3 | L30: =+'PRESUPUESTO OFICIAL (Entidad)'!I19 -> 30
A32: I. EQUIPO
A34: DESCRIPCIÓN | G34: TIPO | I34: TARIFA/HORA | J34: RENDIMIENTO | L34: Vr. UNITARIO
A35: MEZCLADORA DE CONCRETO (1 BULTO) | I35: 10000 | J35: 1.5 | L35: =I35/J35 -> 6666.6667
A36: VIBRADOR DE CONCRETO | I36: 7000 | J36: 1.5 | L36: =I36/J36 -> 4666.6667
A37: HERRAMIENTA MENOR (5%MO) | L37: =L63*0.05 -> 2338.1944
A38: SUBTOTAL $ | L38: =SUM(L35:L37) -> 13671.528
A40: II. MATERIALES
A42: DESCRIPCIÓN | H42: UNIDAD | I42: CANTIDAD | J42: PRECIO UNIT. | L42: Vr. UNITARIO
A43: AGREGADO PARA CONCRETO HIDRAULICO | H43: M3 | I43: 0.85 | J43: 69020 | L43: =I43*J43 -> 58667
A44: AGUA | H44: LT | I44: 160 | J44: 110 | L44: =I44*J44 -> 17600
A45: ARENA LAVADA | H45: M3 | I45: 0.55 | J45: 42840 | L45: =I45*J45 -> 23562
A46: CEMENTO GRIS | H46: KG | I46: 350 | J46: 600 | L46: =I46*J46 -> 210000
A47: FORMALETA (depende para que sea el concreto) | H47: M2 | I47: 4.7 | J47: 15000 | L47: =I47*J47 -> 70500
A48: DESPERDICIO (1%) | L48: =SUM(L43:L46)*0.01 -> 3098.29
A49: SUBTOTAL $ | L49: =SUM(L43:L48) -> 383427.29
A51: III. TRANSPORTES
A53: MATERIAL | F53: UNIDAD | G53: CANTIDAD (1) | H53: DISTANCIA (2) | I53: CANTIDAD * DISTANCIA (1) * (2) | J53: TARIFA | L53: Vr. UNITARIO
A54: ARENA | F54: =H45 -> M3 | G54: =I45 -> 0.55 | H54: 12 | I54: =G54*H54 -> 6.6 | J54: 1300 | L54: =I54*J54 -> 8580
A55: TRITURADO | F55: =H43 -> M3 | G55: =I43 -> 0.85 | H55: =H54 -> 12 | I55: =G55*H55 -> 10.2 | J55: =J54 -> 1300 | L55: =I55*J55 -> 13260
A56: SUBTOTAL $ | L56: =SUM(L54:L55) -> 21840
A58: IV. MANO DE OBRA
A60: DESCRIPCIÓN | G60: JORNAL | H60: PRESTACIONES | I60: JORNAL TOTAL | J60: RENDIMIENTO | L60: Vr. UNITARIO
A61: OBREROS (5) | G61: =1300000/30*5 -> 216666.67 | H61: 1.85 | I61: =G61*H61 -> 400833.33 | J61: =J36*8 -> 12 | L61: =I61/J61 -> 33402.778
A62: OFICIAL (1) | G62: =1300000/30*2 -> 86666.667 | H62: =H61 -> 1.85 | I62: =G62*H62 -> 160333.33 | J62: =J61 -> 12 | L62: =I62/J62 -> 13361.111
A63: SUBTOTAL $ | L63: =SUM(L61:L62) -> 46763.889
A65: TOTAL COSTO DIRECTO $ | L65: =L38+L49+L56+L63 -> 465702.71
A67: V. COSTOS INDIRECTOS
A69: DESCRIPCIÓN | I69: Porcentaje | J69: Valor Total
A70: ADMINISTRACIÓN | I70: ='[142]PTO. GENERAL'!I30 -> 0.2 | J70: =L65*I70 -> 93140.541
A71: IMPREVISTOS | I71: ='[142]PTO. GENERAL'!I31 -> 0.05 | J71: =L65*I71 -> 23285.135
A72: UTILIDAD | I72: ='[142]PTO. GENERAL'!I32 -> 0.05 | J72: =L65*I72 -> 23285.135
A73: SUBTOTAL $ | L73: =SUM(J70:K72) -> 139710.81
A75: Precio Unitario Total Aproximado al peso $ | L75: =ROUND(L65+L73,0) -> 605414
D80: Firma
D81: Nombre:
D82: Representante Legal del Contratista o su Apoderado
D83: Matricula No. :
A85: OBSERVACIONES INTERVENTORÍA:
A91: APROBACIÓN POR INTERVENTORÍA
A92: Nota 1: Cuando se trate de Análisis de precios unitarios correspondientes a ítems de la propuesta económica aprobada, el Interventor aprueba el desglose de los componentes manteniendo el mismo precio unitario de cada ítem, cumpliendo con las especificaciones de construcción vigentes para el proyecto.
A94: Nota 2: Cuando se trate de análisis de precios unitarios de ítems no previstos, el Interventor aprueba el desglose y precio unitario de cada ítem no previsto, exigiendo la aplicación correspondiente a rendimientos, tarifas, precio de materiales, jornales, costos, etc contemplados en los análisis de precios unitarios aprobados por la interventoría que soportan la propuesta económica y los aprobados durante la ejecución del contrato, cumpliendo con las especificaciones de construcción vigentes para el proyecto. El Contratista y el Interventor certifican que los precios unitarios del ítem o de los ítems no previstos corresponden a los precios del mercado.
D100: Firma
D101: Nombre:
D102: Representante Legal del Interventor o su Apoderado
D103: Matricula No. :
A105: Original: Archivo de Gestión del Contrato (Subdirección Administrativa).
A106: Copias: Unidad Ejecutora, Contratista, Interventor y Dirección Territorial.

Sheet 630.2
I1: CÓDIGO | J1: MEPI-MN1-IN-10-FR-1
B2: INSTITUTO NACIONAL DE VIAS
B3: PROCESO MISIONAL EJECUCIÓN DE PROYECTOS DE INFRAESTRUCTURA DE TRANSPORTE | I3: VERSIÓN | J3: 1
B4: MANUAL DE INTERVENTORÍA OBRA PÚBLICA
B5: ANÁLISIS DE PRECIOS UNITARIOS | I5: PÁGINA | K5: DE
I8: FECHA | K8: 6 | L8: 2024
J9: (Día) | K9: (Mes) | L9: (Año)
A10: ITEMS DE LA PROPUESTA ECONÓMICA | G10: ITEMS NO PREVISTOS
A11: UNIDAD EJECUTORA: | H11: DIRECCIÓN TERRITORIAL:
A14: CONTRATO No. | C14: DE
A15: OBJETO DEL CONTRATO:
A18: CARRETERA: | H18: SECTOR:
A20: CONTRATISTA:
A22: INTERVENTOR: | I22: CTO No.: | K22: DE
A24: FECHA CIERRE PROCESO DE SELECCIÓN CONTRATO DE OBRA:
E25: (Día) | G25: (Mes) | H25: (Año)
A27: DATOS ESPECÍFICOS
A29: ITEM | B29: DESCRIPCIÓN | I29: GRUPO DE AJUSTE | J29: UNIDAD | L29: CANTIDAD
A30: ='[144]Presupuesto Oficial'!C21 -> 630.2 | B30: CONCRETO SIMPLE 14 MPa (para solado) | J30: ='[142]PTO. GENERAL'!F19 -> M3 | L30: =+'PRESUPUESTO OFICIAL (Entidad)'!I20 -> 8
A32: I. EQUIPO
A34: DESCRIPCIÓN | G34: TIPO | I34: TARIFA/HORA | J34: RENDIMIENTO | L34: Vr. UNITARIO
A35: MEZCLADORA DE CONCRETO (1 BULTO) | I35: 10000 | J35: 2 | L35: =I35/J35 -> 5000
A36: HERRAMIENTA MENOR (5%MO) | L36: =L61*0.05 -> 1753.6458
A37: SUBTOTAL $ | L37: =SUM(L35:L36) -> 6753.6458
A39: II. MATERIALES
A41: DESCRIPCIÓN | H41: UNIDAD | I41: CANTIDAD | J41: PRECIO UNIT. | L41: Vr. UNITARIO
A42: AGREGADO PETREO PARA CONCRETO HIDRAULICO | H42: M3 | I42: 0.84 | J42: 69020 | L42: =I42*J42 -> 57976.8
A43: AGUA | H43: LT | I43: 185 | J43: 110 | L43: =I43*J43 -> 20350
A44: ARENA LAVADA | H44: M3 | I44: 0.63 | J44: 42840 | L44: =I44*J44 -> 26989.2
A45: CEMENTO GRIS | H45: KG | I45: 260 | J45: 600 | L45: =I45*J45 -> 156000
A46: DESPERDICIO (1%) | L46: =SUM(L42:L45)*0.01 -> 2613.16
A47: SUBTOTAL $ | L47: =SUM(L42:L46) -> 263929.16
A49: III. TRANSPORTES
A51: MATERIAL | F51: UNIDAD | G51: CANTIDAD (1) | H51: DISTANCIA (2) | I51: CANTIDAD * DISTANCIA (1) * (2) | J51: TARIFA | L51: Vr. UNITARIO
A52: AGREGADO | F52: =H42 -> M3 | G52: =I42 -> 0.84 | H52: 12 | I52: =G52*H52 -> 10.08 | J52: 1300 | L52: =I52*J52 -> 13104
A53: ARENA | F53: =H44 -> M3 | G53: =I44 -> 0.63 | H53: 12 | I53: =G53*H53 -> 7.56 | J53: =J52 -> 1300 | L53: =I53*J53 -> 9828
A54: SUBTOTAL $ | L54: =SUM(L52:L53) -> 22932
A56: IV. MANO DE OBRA
A58: DESCRIPCIÓN | G58: JORNAL | H58: PRESTACIONES | I58: JORNAL TOTAL | J58: RENDIMIENTO | L58: Vr. UNITARIO
A59: OBREROS (5) | G59: =1300000/30*5 -> 216666.67 | H59: 1.85 | I59: =G59*H59 -> 400833.33 | J59: =J35*8 -> 16 | L59: =I59/J59 -> 25052.083
A60: OFICIALES (1) | G60: =1300000/30*2 -> 86666.667 | H60: 1.85 | I60: =G60*H60 -> 160333.33 | J60: =J59 -> 16 | L60: =I60/J60 -> 10020.833
A61: SUBTOTAL $ | L61: =SUM(L59:L60) -> 35072.917
A63: TOTAL COSTO DIRECTO $ | L63: =L37+L47+L54+L61 -> 328687.72
A65: V. COSTOS INDIRECTOS
A67: DESCRIPCIÓN | I67: Porcentaje | J67: Valor Total
A68: ADMINISTRACIÓN | I68: ='[142]PTO. GENERAL'!I30 -> 0.2 | J68: =L63*I68 -> 65737.545
A69: IMPREVISTOS | I69: ='[142]PTO. GENERAL'!I31 -> 0.05 | J69: =L63*I69 -> 16434.386
A70: UTILIDAD | I70: ='[142]PTO. GENERAL'!I32 -> 0.05 | J70: =L63*I70 -> 16434.386
A71: SUBTOTAL $ | L71: =SUM(J68:K70) -> 98606.317
A73: Precio Unitario Total Aproximado al peso $ | L73: =ROUND(L63+L71,0) -> 427294
D78: Firma
D79: Nombre:
D80: Representante Legal del Contratista o su Apoderado
D81: Matricula No. :
A83: OBSERVACIONES INTERVENTORÍA:
A89: APROBACIÓN POR INTERVENTORÍA
A90: Nota 1: Cuando se trate de Análisis de precios unitarios correspondientes a ítems de la propuesta económica aprobada, el Interventor aprueba el desglose de los componentes manteniendo el mismo precio unitario de cada ítem, cumpliendo con las especificaciones de construcción vigentes para el proyecto.
A92: Nota 2: Cuando se trate de análisis de precios unitarios de ítems no previstos, el Interventor aprueba el desglose y precio unitario de cada ítem no previsto, exigiendo la aplicación correspondiente a rendimientos, tarifas, precio de materiales, jornales, costos, etc contemplados en los análisis de precios unitarios aprobados por la interventoría que soportan la propuesta económica y los aprobados durante la ejecución del contrato, cumpliendo con las especificaciones de construcción vigentes para el proyecto. El Contratista y el Interventor certifican que los precios unitarios del ítem o de los ítems no previstos corresponden a los precios del mercado.
D98: Firma
D99: Nombre:
D100: Representante Legal del Interventor o su Apoderado
D101: Matricula No. :
A103: Original: Archivo de Gestión del Contrato (Subdirección Administrativa).
A104: Copias: Unidad Ejecutora, Contratista, Interventor y Dirección Territorial.

Sheet 630.3
I1: CÓDIGO | J1: MEPI-MN1-IN-10-FR-1
B2: INSTITUTO NACIONAL DE VIAS
B3: PROCESO MISIONAL EJECUCIÓN DE PROYECTOS DE INFRAESTRUCTURA DE TRANSPORTE | I3: VERSIÓN | J3: 1
B4: MANUAL DE INTERVENTORÍA OBRA PÚBLICA
B5: ANÁLISIS DE PRECIOS UNITARIOS | I5: PÁGINA | K5: DE
I8: FECHA | K8: 6 | L8: 2024
J9: (Día) | K9: (Mes) | L9: (Año)
A10: ITEMS DE LA PROPUESTA ECONÓMICA | G10: ITEMS NO PREVISTOS
A11: UNIDAD EJECUTORA: | H11: DIRECCIÓN TERRITORIAL:
A14: CONTRATO No. | C14: DE
A15: OBJETO DEL CONTRATO:
A18: CARRETERA: | H18: SECTOR:
A20: CONTRATISTA:
A22: INTERVENTOR: | I22: CTO No.: | K22: DE
A24: FECHA CIERRE PROCESO DE SELECCIÓN CONTRATO DE OBRA:
E25: (Día) | G25: (Mes) | H25: (Año)
A27: DATOS ESPECÍFICOS
A29: ITEM | B29: DESCRIPCIÓN | I29: GRUPO DE AJUSTE | J29: UNIDAD | L29: CANTIDAD
A30: ='[144]Presupuesto Oficial'!C22 -> 630.3 | B30: ='[142]PTO. GENERAL'!E18 -> Concreto Resistencia 14 MPa (G) (Ciclopeo) | J30: ='[142]PTO. GENERAL'!F18 -> M3 | L30: =+'PRESUPUESTO OFICIAL (Entidad)'!I21 -> 5
A32: I. EQUIPO
A34: DESCRIPCIÓN | G34: TIPO | I34: TARIFA/HORA | J34: RENDIMIENTO | L34: Vr. UNITARIO
A35: MEZCLADORA DE CONCRETO (1 BULTO) | I35: 10000 | J35: 2 | L35: =I35/J35 -> 5000
A36: HERRAMIENTA MENOR (5%MO) | L36: =L63*0.05 -> 1753.6458
A38: SUBTOTAL $ | L38: =SUM(L35:L37) -> 6753.6458
A40: II. MATERIALES
A42: DESCRIPCIÓN | H42: UNIDAD | I42: CANTIDAD | J42: PRECIO UNIT. | L42: Vr. UNITARIO
A43: AGREGADO PARA CONCRETO HIDRAULICO | H43: M3 | I43: 0.504 | J43: 69020 | L43: =I43*J43 -> 34786.08
A44: AGUA | H44: LT | I44: 111 | J44: 110 | L44: =I44*J44 -> 12210
A45: ARENA LAVADA | H45: M3 | I45: 0.378 | J45: 42840 | L45: =I45*J45 -> 16193.52
A46: CEMENTO GRIS | H46: KG | I46: 156 | J46: 600 | L46: =I46*J46 -> 93600
A47: PIEDRA PARA CONCRETO CICLOPEO | H47: M3 | I47: 0.4 | J47: 42840 | L47: =I47*J47 -> 17136
A48: SUBTOTAL $ | L48: =SUM(L43:L47) -> 173925.6
A50: III. TRANSPORTES
A52: MATERIAL | F52: UNIDAD | G52: CANTIDAD (1) | H52: DISTANCIA (2) | I52: CANTIDAD * DISTANCIA (1) * (2) | J52: TARIFA | L52: Vr. UNITARIO
A53: ARENA | F53: M3 | G53: 0.378 | H53: 12 | I53: =G53*H53 -> 4.536 | J53: 1300 | L53: =I53*J53 -> 5896.8
A54: PIEDRA PARA CONCRETO CICLOPEO | F54: M3 | G54: 0.4 | H54: 12 | I54: =G54*H54 -> 4.8 | J54: =J53 -> 1300 | L54: =I54*J54 -> 6240
A55: TRITURADO | F55: M3 | G55: 0.504 | H55: 12 | I55: =G55*H55 -> 6.048 | J55: =J54 -> 1300 | L55: =I55*J55 -> 7862.4
A56: SUBTOTAL $ | L56: =SUM(L53:L55) -> 19999.2
A58: IV. MANO DE OBRA
A60: DESCRIPCIÓN | G60: JORNAL | H60: PRESTACIONES | I60: JORNAL TOTAL | J60: RENDIMIENTO | L60: Vr. UNITARIO
A61: OBREROS (5) | G61: =1300000/30*5 -> 216666.67 | H61: 1.85 | I61: =G61*H61 -> 400833.33 | J61: 16 | L61: =I61/J61 -> 25052.083
A62: OFICIAL (1) | G62: =1300000/30*2 -> 86666.667 | H62: =H61 -> 1.85 | I62: =G62*H62 -> 160333.33 | J62: =J61 -> 16 | L62: =I62/J62 -> 10020.833
A63: SUBTOTAL $ | L63: =SUM(L61:L62) -> 35072.917
A65: TOTAL COSTO DIRECTO $ | L65: =L38+L48+L56+L63 -> 235751.36
A67: V. COSTOS INDIRECTOS
A69: DESCRIPCIÓN | I69: Porcentaje | J69: Valor Total
A70: ADMINISTRACIÓN | I70: ='[142]PTO. GENERAL'!I30 -> 0.2 | J70: =L65*I70 -> 47150.273
A71: IMPREVISTOS | I71: ='[142]PTO. GENERAL'!I31 -> 0.05 | J71: =L65*I71 -> 11787.568
A72: UTILIDAD | I72: ='[142]PTO. GENERAL'!I32 -> 0.05 | J72: =L65*I72 -> 11787.568
A73: SUBTOTAL $ | L73: =SUM(J70:K72) -> 70725.409
A75: Precio Unitario Total Aproximado al peso $ | L75: =ROUND(L65+L73,0) -> 306477
D80: Firma
D81: Nombre:
D82: Representante Legal del Contratista o su Apoderado
D83: Matricula No. :
A85: OBSERVACIONES INTERVENTORÍA:
A91: APROBACIÓN POR INTERVENTORÍA
A92: Nota 1: Cuando se trate de Análisis de precios unitarios correspondientes a ítems de la propuesta económica aprobada, el Interventor aprueba el desglose de los componentes manteniendo el mismo precio unitario de cada ítem, cumpliendo con las especificaciones de construcción vigentes para el proyecto.
A94: Nota 2: Cuando se trate de análisis de precios unitarios de ítems no previstos, el Interventor aprueba el desglose y precio unitario de cada ítem no previsto, exigiendo la aplicación correspondiente a rendimientos, tarifas, precio de materiales, jornales, costos, etc contemplados en los análisis de precios unitarios aprobados por la interventoría que soportan la propuesta económica y los aprobados durante la ejecución del contrato, cumpliendo con las especificaciones de construcción vigentes para el proyecto. El Contratista y el Interventor certifican que los precios unitarios del ítem o de los ítems no previstos corresponden a los precios del mercado.
D100: Firma
D101: Nombre:
D102: Representante Legal del Interventor o su Apoderado
D103: Matricula No. :
A105: Original: Archivo de Gestión del Contrato (Subdirección Administrativa).
A106: Copias: Unidad Ejecutora, Contratista, Interventor y Dirección Territorial.

Sheet 640.1
K1: CÓDIGO | L1: MINFRA-MN-IN-10-FR-1
C2: INSTITUTO NACIONAL DE VIAS
C3: PROCESO GESTIÓN DE LA INFRAESTRUCTURA VIAL | K3: VERSIÓN | L3: 1
C4: MANUAL DE INTERVENTORÍA OBRA PÚBLICA
C5: ANÁLISIS DE PRECIOS UNITARIOS | K5: PÁGINA | M5: DE
K8: FECHA | M8: 6 | N8: 2024
L9: (Día) | M9: (Mes) | N9: (Año)
B10: ITEMS DE LA PROPUESTA ECONÓMICA | F10: □ | I10: ITEMS NO PREVISTOS | K10: □
B11: UNIDAD EJECUTORA: | J11: DIRECCIÓN TERRITORIAL:
B14: CONTRATO No. | D14: DE
B15: OBJETO DEL CONTRATO:
B18: CARRETERA: | J18: SECTOR:
B20: CONTRATISTA:
B22: INTERVENTOR: | K22: CTO No.: | M22: DE
B24: FECHA CIERRE PROCESO DE SELECCIÓN CONTRATO DE OBRA:
F25: (Día) | I25: (Mes) | J25: (Año)
B27: DATOS ESPECÍFICOS
B29: ITEM | C29: DESCRIPCIÓN | K29: GRUPO DE AJUSTE | L29: UNIDAD | N29: CANTIDAD
B30: 640.1 | C30: ACERO DE REFUERZO Fy 4200 MPa | L30: kg | N30: 999
B32: I. EQUIPO
B34: DESCRIPCIÓN | I34: TIPO | K34: TARIFA/HORA | L34: RENDIMIENTO | N34: Vr. UNITARIO
B35: Cizalla manual de 90 cm. | K35: 800 | M35: 37.5 | N35: =K35/M35 -> 21.333333
B41: Herramienta menor | N41: 50
B42: SUBTOTAL $ | N42: =SUM(N35:N41) -> 71.333333
B44: II. MATERIALES
B46: DESCRIPCIÓN | J46: UNIDAD | K46: CANTIDAD | L46: PRECIO UNIT. | N46: Vr. UNITARIO
B47: Acero PDR-60 | J47: kg | K47: 1.05 | M47: 5800 | N47: =K47*M47 -> 6090
B48: Alambre Negro Para Amarre | J48: kg | K48: 0.03 | M48: 5000 | N48: =K48*M48 -> 150
B53: SUBTOTAL $ | N53: =SUM(N47:N52) -> 6240
B55: III. TRANSPORTES
B57: MATERIAL | H57: UNIDAD | I57: CANTIDAD (1) | J57: DISTANCIA (2) | K57: (1) * (2) | L57: TARIFA | N57: Vr. UNITARIO
B58: Transporte de acero | H58: kg/km | I58: 1.05 | J58: 40 | K58: =I58*J58 -> 42 | L58: 0.57 | N58: =K58*L58 -> 23.94
B64: SUBTOTAL $ | N64: =N58+N59+N60+N61+N62 -> 23.94
B66: IV. MANO DE OBRA
B68: TRABAJADOR | I68: JORNAL | J68: PRESTACIONES (%) | K68: JORNAL TOTAL | L68: RENDIMIENTO | N68: Vr. UNITARIO
B69: Obrero | I69: =1300000/30 -> 43333.333 | J69: 185 | K69: =I69*J69/100 -> 80166.667 | M69: =M35*8 -> 300 | N69: =K69/M69 -> 267.22222
B70: Oficial | I70: =1300000/30*2 -> 86666.667 | J70: 185 | K70: =I70*J70/100 -> 160333.33 | M70: =M69 -> 300 | N70: =K70/M70 -> 534.44444
B75: SUBTOTAL $ | N75: =N69+N70+N71+N72+N73 -> 801.66667
B77: TOTAL COSTO DIRECTO $ | N77: =N42+N53+N64+N75 -> 7136.94
B79: V. COSTOS INDIRECTOS
B81: Descripción | K81: Porcentaje | L81: Valor Total
B82: ADMINISTRACION | K82: 0.2 | L82: =N77*K82 -> 1427.388
B83: IMPREVISTOS | K83: 0.05 | L83: =N77*K83 -> 356.847
B84: UTILIDAD | K84: 0.05 | L84: =N77*K84 -> 356.847
B85: SUBTOTAL $ | N85: =SUM(L82:M84) -> 2141.082
B87: Precio Unitario Total Aproximado al Peso $ | N87: =ROUND(N77+N85,0) -> 9278
E92: Firma
E93: Nombre:
E94: Representante Legal del Contratista o su Apoderado
E95: Matricula No. :
B97: OBSERVACIONES INTERVENTORÍA:
B103: APROBACIÓN POR INTERVENTORÍA
B104: Nota 1: Cuando se trate de Análisis de precios unitarios correspondientes a ítems de la propuesta económica aprobada, el Interventor aprueba el desglose de los componentes manteniendo el mismo precio unitario de cada ítem, cumpliendo con las especificaciones de construcción vigentes para el proyecto.
B106: Nota 2: Cuando se trate de Análisis de precios unitarios de ítems no previstos, el Interventor aprueba el desglose y precio unitario de cada ítem no previsto, exigiendo la aplicación de los costos correspondientes a insumos y tarifas de la propuesta económica inicial cuando estén contemplados, cumpliendo con las especificaciones de construcción vigente para el proyecto.
E112: Firma
E113: Nombre:
E114: Representante Legal del Interventor o su Apoderado
E115: Matricula No. :
B117: Original: Archivo de Gestión del Contrato (Subdirección Administrativa).
B118: Copias: Unidad Ejecutora, Contratista, Interventor y Dirección Territorial.

Sheet 671.3
K1: CÓDIGO | L1: MINFRA-MN-IN-10-FR-1
C2: INSTITUTO NACIONAL DE VIAS
C3: PROCESO GESTIÓN DE LA INFRAESTRUCTURA VIAL | K3: VERSIÓN | L3: 1
C4: MANUAL DE INTERVENTORÍA OBRA PÚBLICA
C5: ANÁLISIS DE PRECIOS UNITARIOS | K5: PÁGINA | M5: DE
K8: FECHA | M8: 6 | N8: 2024
L9: (Día) | M9: (Mes) | N9: (Año)
B10: ITEMS DE LA PROPUESTA ECONÓMICA | F10: □ | I10: ITEMS NO PREVISTOS | K10: □
B11: UNIDAD EJECUTORA: | J11: DIRECCIÓN TERRITORIAL:
B14: CONTRATO No. | D14: DE
B15: OBJETO DEL CONTRATO:
B18: CARRETERA: | J18: SECTOR:
B20: CONTRATISTA:
B22: INTERVENTOR: | K22: CTO No.: | M22: DE
B24: FECHA CIERRE PROCESO DE SELECCIÓN CONTRATO DE OBRA:
F25: (Día) | I25: (Mes) | J25: (Año)
B27: DATOS ESPECÍFICOS
B29: ITEM | C29: DESCRIPCIÓN | K29: GRUPO DE AJUSTE | L29: UNIDAD | N29: CANTIDAD
B30: 671.3 | C30: CUNETA DE CONCRETO VACIADA IN SITU; INCLUYE LA CONFORMACION DE LA SUPERFICIE DE APOYO | L30: m³ | N30: =+'PRESUPUESTO OFICIAL (Entidad)'!I23 -> 15
B32: I. EQUIPO
B34: DESCRIPCIÓN | I34: TIPO | K34: TARIFA/HORA | L34: RENDIMIENTO | N34: Vr. UNITARIO
B35: COMPACTADOR MANUAL VIBRATORIO (RANA) con motor de 6 HP | K35: 9000 | M35: 1.25 | N35: =K35/M35 -> 7200
B41: Herramienta menor | N41: 120
B42: SUBTOTAL $ | N42: =SUM(N35:N41) -> 7320
B44: II. MATERIALES
B46: DESCRIPCIÓN | J46: UNIDAD | K46: CANTIDAD | L46: PRECIO UNIT. | N46: Vr. UNITARIO
B47: Material seleccionado para Relleno | J47: m3 | K47: 0.5 | M47: 23500 | N47: =K47*M47 -> 11750
B48: Cemento Asfaltico 60-70 | J48: kg | K48: 0.5 | M48: 3500 | N48: =K48*M48 -> 1750
B49: Concreto Resistencia 14 (Mpa) | J49: m3 | K49: 1.01 | M49: ='630.2'!L63 -> 328687.72 | N49: =K49*M49 -> 331974.6
B50: Formaleta (gaviones, juntas de bordillos, juntas de cunetas, muros, concretos clase D,E, F y G) | J50: m2 | K50: 0.3 | M50: 4700 | N50: =K50*M50 -> 1410
B53: SUBTOTAL $ | N53: =SUM(N47:N52) -> 346884.6
B55: III. TRANSPORTES
B57: MATERIAL | H57: UNIDAD | I57: CANTIDAD (1) | J57: DISTANCIA (2) | K57: (1) * (2) | L57: TARIFA | N57: Vr. UNITARIO
B58: Transporte de concreto | H58: m3/km | I58: 1.01 | J58: 62 | K58: =I58*J58 -> 62.62 | L58: 1300 | N58: =K58*L58 -> 81406
B59: Transporte de material seleccionado para relleno | H59: m3/km | I59: 0.5 | J59: 8 | K59: =I59*J59 -> 4 | L59: =L58 -> 1300 | N59: =L59*K59 -> 5200
B64: SUBTOTAL $ | N64: =N58+N59+N60+N61+N62 -> 86606
B66: IV. MANO DE OBRA
B68: TRABAJADOR | I68: JORNAL | J68: PRESTACIONES (%) | K68: JORNAL TOTAL | L68: RENDIMIENTO | N68: Vr. UNITARIO
B69: Obrero (5) | I69: =1300000/30*5 -> 216666.67 | J69: 185 | K69: =I69*J69/100 -> 400833.33 | M69: =8*1.25 -> 10 | N69: =K69/M69 -> 40083.333
B70: Oficial | I70: =1300000/30*2 -> 86666.667 | J70: 185 | K70: =I70*J70/100 -> 160333.33 | M70: =8*1.25 -> 10 | N70: =K70/M70 -> 16033.333
B75: SUBTOTAL $ | N75: =N69+N70+N71+N72+N73 -> 56116.667
B77: TOTAL COSTO DIRECTO $ | N77: =N42+N53+N64+N75 -> 496927.27
B79: V. COSTOS INDIRECTOS
B81: Descripción | K81: Porcentaje | L81: Valor Total
B82: ADMINISTRACION | K82: 0.2 | L82: =N77*K82 -> 99385.453
B83: IMPREVISTOS | K83: 0.05 | L83: =N77*K83 -> 24846.363
B84: UTILIDAD | K84: 0.05 | L84: =N77*K84 -> 24846.363
B85: SUBTOTAL $ | N85: =SUM(L82:M84) -> 149078.18
B87: Precio Unitario Total Aproximado al Peso $ | N87: =ROUND(N77+N85,0) -> 646005
E92: Firma
E93: Nombre:
E94: Representante Legal del Contratista o su Apoderado
E95: Matricula No. :
B97: OBSERVACIONES INTERVENTORÍA:
B103: APROBACIÓN POR INTERVENTORÍA
B104: Nota 1: Cuando se trate de Análisis de precios unitarios correspondientes a ítems de la propuesta económica aprobada, el Interventor aprueba el desglose de los componentes manteniendo el mismo precio unitario de cada ítem, cumpliendo con las especificaciones de construcción vigentes para el proyecto.
B106: Nota 2: Cuando se trate de Análisis de precios unitarios de ítems no previstos, el Interventor aprueba el desglose y precio unitario de cada ítem no previsto, exigiendo la aplicación de los costos correspondientes a insumos y tarifas de la propuesta económica inicial cuando estén contemplados, cumpliendo con las especificaciones de construcción vigente para el proyecto.
E112: Firma
E113: Nombre:
E114: Representante Legal del Interventor o su Apoderado
E115: Matricula No. :
B117: Original: Archivo de Gestión del Contrato (Subdirección Administrativa).
B118: Copias: Unidad Ejecutora, Contratista, Interventor y Dirección Territorial.

Sheet 681.1 
I1: CÓDIGO | J1: MEPI-MN1-IN-10-FR-1
B2: INSTITUTO NACIONAL DE VIAS
B3: PROCESO MISIONAL EJECUCIÓN DE PROYECTOS DE INFRAESTRUCTURA DE TRANSPORTE | I3: VERSIÓN | J3: 1
B4: MANUAL DE INTERVENTORÍA OBRA PÚBLICA
B5: ANÁLISIS DE PRECIOS UNITARIOS | I5: PÁGINA | K5: DE
I8: FECHA | K8: 6 | L8: 2024
J9: (Día) | K9: (Mes) | L9: (Año)
A10: ITEMS DE LA PROPUESTA ECONÓMICA | G10: ITEMS NO PREVISTOS
A11: UNIDAD EJECUTORA: | H11: DIRECCIÓN TERRITORIAL:
A14: CONTRATO No. | C14: DE
A15: OBJETO DEL CONTRATO:
A18: CARRETERA: | H18: SECTOR:
A20: CONTRATISTA:
A22: INTERVENTOR: | I22: CTO No.: | K22: DE
A24: FECHA CIERRE PROCESO DE SELECCIÓN CONTRATO DE OBRA:
E25: (Día) | G25: (Mes) | H25: (Año)
A27: DATOS ESPECÍFICOS
A29: ITEM | B29: DESCRIPCIÓN | I29: GRUPO DE AJUSTE | J29: UNIDAD | L29: CANTIDAD
A30: ='[142]PTO. GENERAL'!B22 -> 681.1 | B30: GAVIONES DE MALLA DE ALAMBRE DE ACERO ENTRELAZADO, CLASE 1 | J30: ='[142]PTO. GENERAL'!F22 -> M3 | L30: =+'PRESUPUESTO OFICIAL (Entidad)'!I24 -> 20
A32: I. EQUIPO
A34: DESCRIPCIÓN | G34: TIPO | I34: TARIFA/HORA | J34: RENDIMIENTO | L34: Vr. UNITARIO
A35: Herramienta menor 10% MO | L35: =L60*0.1 -> 8016.6667
A37: SUBTOTAL $ | L37: =SUM(L35:L36) -> 8016.6667
A39: II. MATERIALES
A41: DESCRIPCIÓN | H41: UNIDAD | I41: CANTIDAD | J41: PRECIO UNIT. | L41: Vr. UNITARIO
A42: Formaleta | H42: M2 | I42: 1 | J42: 2600 | L42: =I42*J42 -> 2600
A43: Alambre galvanizado No. 12 | H43: KG | I43: 1.5 | J43: 12000 | L43: =I43*J43 -> 18000
A44: Malla de alambre de acero entrelazado clase 1 (2M3) | H44: U | I44: 0.5 | J44: 95000 | L44: =I44*J44 -> 47500
A45: Piedra para gavión | H45: M3 | I45: 1.05 | J45: ='[142]630.7'!J47:K47 -> 70000 | L45: =I45*J45 -> 73500
A46: SUBTOTAL $ | L46: =SUM(L42:L45) -> 141600
A48: III. TRANSPORTES
A50: MATERIAL | F50: UNIDAD | G50: CANTIDAD (1) | H50: DISTANCIA (2) | I50: CANTIDAD * DISTANCIA (1) * (2) | J50: TARIFA | L50: Vr. UNITARIO
A51: Piedra para gavión | F51: =H45 -> M3 | G51: =I45 -> 1.05 | H51: 20 | I51: =G51*H51 -> 21 | J51: 1300 | L51: =I51*J51 -> 27300
A53: SUBTOTAL $ | L53: =SUM(L51:L52) -> 27300
A55: IV. MANO DE OBRA
A57: DESCRIPCIÓN | G57: JORNAL | H57: PRESTACIONES | I57: JORNAL TOTAL | J57: RENDIMIENTO | L57: Vr. UNITARIO
A58: OBRERO (4) | G58: =1300000/30*4 -> 173333.33 | H58: 1.85 | I58: =G58*H58 -> 320666.67 | J58: 6 | L58: =I58/J58 -> 53444.444
A59: OFICIAL (1) | G59: =1300000/30*2 -> 86666.667 | H59: 1.85 | I59: =G59*H59 -> 160333.33 | J59: =J58 -> 6 | L59: =I59/J59 -> 26722.222
A60: SUBTOTAL $ | L60: =SUM(L58:L59) -> 80166.667
A62: TOTAL COSTO DIRECTO $ | L62: =L37+L46+L53+L60 -> 257083.33
A64: V. COSTOS INDIRECTOS
A66: DESCRIPCIÓN | I66: Porcentaje | J66: Valor Total
A67: ADMINISTRACIÓN | I67: ='[142]PTO. GENERAL'!I30 -> 0.2 | J67: =L62*I67 -> 51416.667
A68: IMPREVISTOS | I68: ='[142]PTO. GENERAL'!I31 -> 0.05 | J68: =L62*I68 -> 12854.167
A69: UTILIDAD | I69: ='[142]PTO. GENERAL'!I32 -> 0.05 | J69: =L62*I69 -> 12854.167
A70: SUBTOTAL $ | L70: =SUM(J67:K69) -> 77125
A72: Precio Unitario Total Aproximado al peso $ | L72: =ROUND(L62+L70,0) -> 334208
D77: Firma
D78: Nombre:
D79: Representante Legal del Contratista o su Apoderado
D80: Matricula No. :
A82: OBSERVACIONES INTERVENTORÍA:
A88: APROBACIÓN POR INTERVENTORÍA
A89: Nota 1: Cuando se trate de Análisis de precios unitarios correspondientes a ítems de la propuesta económica aprobada, el Interventor aprueba el desglose de los componentes manteniendo el mismo precio unitario de cada ítem, cumpliendo con las especificaciones de construcción vigentes para el proyecto.
A91: Nota 2: Cuando se trate de análisis de precios unitarios de ítems no previstos, el Interventor aprueba el desglose y precio unitario de cada ítem no previsto, exigiendo la aplicación correspondiente a rendimientos, tarifas, precio de materiales, jornales, costos, etc contemplados en los análisis de precios unitarios aprobados por la interventoría que soportan la propuesta económica y los aprobados durante la ejecución del contrato, cumpliendo con las especificaciones de construcción vigentes para el proyecto. El Contratista y el Interventor certifican que los precios unitarios del ítem o de los ítems no previstos corresponden a los precios del mercado.
D97: Firma
D98: Nombre:
D99: Representante Legal del Interventor o su Apoderado
D100: Matricula No. :
A102: Original: Archivo de Gestión del Contrato (Subdirección Administrativa).
A103: Copias: Unidad Ejecutora, Contratista, Interventor y Dirección Territorial.

Sheet 683.P
I1: CÓDIGO | J1: MEPI-MN1-IN-10-FR-1
B2: INSTITUTO NACIONAL DE VIAS
B3: PROCESO MISIONAL EJECUCIÓN DE PROYECTOS DE INFRAESTRUCTURA DE TRANSPORTE | I3: VERSIÓN | J3: 1
B4: MANUAL DE INTERVENTORÍA OBRA PÚBLICA
B5: ANÁLISIS DE PRECIOS UNITARIOS | I5: PÁGINA | K5: DE
I8: FECHA | K8: 6 | L8: 2024
J9: (Día) | K9: (Mes) | L9: (Año)
A10: ITEMS DE LA PROPUESTA ECONÓMICA | G10: ITEMS NO PREVISTOS
A11: UNIDAD EJECUTORA: | H11: DIRECCIÓN TERRITORIAL:
A14: CONTRATO No. | C14: DE
A15: OBJETO DEL CONTRATO:
A18: CARRETERA: | H18: SECTOR:
A20: CONTRATISTA:
A22: INTERVENTOR: | I22: CTO No.: | K22: DE
A24: FECHA CIERRE PROCESO DE SELECCIÓN CONTRATO DE OBRA:
E25: (Día) | G25: (Mes) | H25: (Año)
A27: DATOS ESPECÍFICOS
A29: ITEM | B29: DESCRIPCIÓN | I29: GRUPO DE AJUSTE | J29: UNIDAD | L29: CANTIDAD
A30: ='[142]PTO. GENERAL'!B23 -> 683.P | B30: EMPEDRADO PARA PROTECCIÓN DE TALUDES | J30: ='[142]PTO. GENERAL'!F23 -> M2 | L30: =+'PRESUPUESTO OFICIAL (Entidad)'!I25 -> 5
A32: I. EQUIPO
A34: DESCRIPCIÓN | G34: TIPO | I34: TARIFA/HORA | J34: RENDIMIENTO | L34: Vr. UNITARIO
A35: CAMIONETA DE ESTACAS 4X4 | I35: 55000 | K35: 25 | L35: =I35/K35 -> 2200
A36: Herramienta menor 10% MO | L36: =L60*0.1 -> 280.58333
A38: SUBTOTAL $ | L38: =SUM(L36:L37) -> 280.58333
A40: II. MATERIALES
A42: DESCRIPCIÓN | H42: UNIDAD | I42: CANTIDAD | J42: PRECIO UNIT. | L42: Vr. UNITARIO
A43: CONCRETO CLASE F | H43: M3 | I43: 0.15 | J43: 460000 | L43: =I43*J43 -> 69000
A44: Varilla 5/8 | H44: KG | I44: 1.1 | J44: 5200 | L44: =I44*J44 -> 5720
A45: Piedra para concreto ciclópeo (rajón o canto rodado) | H45: M3 | I45: 0.2 | J45: 42840 | L45: =I45*J45 -> 8568
A46: SUBTOTAL $ | L46: =SUM(L43:L45) -> 83288
A48: III. TRANSPORTES
A50: MATERIAL | F50: UNIDAD | G50: CANTIDAD (1) | H50: DISTANCIA (2) | I50: CANTIDAD * DISTANCIA (1) * (2) | J50: TARIFA | L50: Vr. UNITARIO
A51: Piedra para concreto ciclópeo (rajón o canto rodado) | F51: =H45 -> M3 | G51: =I45 -> 0.2 | H51: 12 | I51: =G51*H51 -> 2.4 | J51: 1300 | L51: =I51*J51 -> 3120
A53: SUBTOTAL $ | L53: =SUM(L51:L52) -> 3120
A55: IV. MANO DE OBRA
A57: DESCRIPCIÓN | G57: JORNAL | H57: PRESTACIONES | I57: JORNAL TOTAL | J57: RENDIMIENTO | L57: Vr. UNITARIO
A58: OBRERO (5) | G58: =1300000/30*5 -> 216666.67 | H58: 1.85 | I58: =G58*H58 -> 400833.33 | J58: =K35*8 -> 200 | L58: =I58/J58 -> 2004.1667
A59: OFICIAL (1) | G59: =1300000/30*2 -> 86666.667 | H59: 1.85 | I59: =G59*H59 -> 160333.33 | J59: =J58 -> 200 | L59: =I59/J59 -> 801.66667
A60: SUBTOTAL $ | L60: =SUM(L58:L59) -> 2805.8333
A62: TOTAL COSTO DIRECTO $ | L62: =L38+L46+L53+L60 -> 89494.417
A64: V. COSTOS INDIRECTOS
A66: DESCRIPCIÓN | I66: Porcentaje | J66: Valor Total
A67: ADMINISTRACIÓN | I67: ='[142]PTO. GENERAL'!I30 -> 0.2 | J67: =L62*I67 -> 17898.883
A68: IMPREVISTOS | I68: ='[142]PTO. GENERAL'!I31 -> 0.05 | J68: =L62*I68 -> 4474.7208
A69: UTILIDAD | I69: ='[142]PTO. GENERAL'!I32 -> 0.05 | J69: =L62*I69 -> 4474.7208
A70: SUBTOTAL $ | L70: =SUM(J67:K69) -> 26848.325
A72: Precio Unitario Total Aproximado al peso $ | L72: =ROUND(L62+L70,0) -> 116343
D77: Firma
D78: Nombre:
D79: Representante Legal del Contratista o su Apoderado
D80: Matricula No. :
A82: OBSERVACIONES INTERVENTORÍA:
A88: APROBACIÓN POR INTERVENTORÍA
A89: Nota 1: Cuando se trate de Análisis de precios unitarios correspondientes a ítems de la propuesta económica aprobada, el Interventor aprueba el desglose de los componentes manteniendo el mismo precio unitario de cada ítem, cumpliendo con las especificaciones de construcción vigentes para el proyecto.
A91: Nota 2: Cuando se trate de análisis de precios unitarios de ítems no previstos, el Interventor aprueba el desglose y precio unitario de cada ítem no previsto, exigiendo la aplicación correspondiente a rendimientos, tarifas, precio de materiales, jornales, costos, etc contemplados en los análisis de precios unitarios aprobados por la interventoría que soportan la propuesta económica y los aprobados durante la ejecución del contrato, cumpliendo con las especificaciones de construcción vigentes para el proyecto. El Contratista y el Interventor certifican que los precios unitarios del ítem o de los ítems no previstos corresponden a los precios del mercado.
D97: Firma
D98: Nombre:
D99: Representante Legal del Interventor o su Apoderado
D100: Matricula No. :
A102: Original: Archivo de Gestión del Contrato (Subdirección Administrativa).
A103: Copias: Unidad Ejecutora, Contratista, Interventor y Dirección Territorial.

Sheet Hoja1
